 Dungeon Crawl Stone Soup version 0.29.1-15-g9cfb28693d (webtiles) character file.

Game seed: 18303373282111394044

18634 monsoonserge the Covert (level 12, -2/56 HPs)
             Began as a Spriggan Enchanter on Apr 18, 2023.
             Was an Elder of Vehumet.
             Killed from afar by an electric eel (9 damage)
             ... with a bolt of electricity
             ... on level 12 of the Dungeon on Apr 19, 2023.
             The game lasted 01:19:41 (16906 turns).

monsoonserge the Covert (Spriggan Enchanter)       Turns: 16906, Time: 01:19:43

Health: -2/56      AC:  8    Str:  4    XL:     12   Next: 29%
Magic:  22/22      EV: 21    Int: 22    God:    Vehumet [****..]
Gold:   602        SH: 12    Dex: 15    Spells: 3/23 levels left

rFire   . . .      SeeInvis +   U - +3 dagger (chaos)
rCold   . . .      Faith    .   w - +0 buckler
rNeg    . . .      Spirit   .   b - +0 robe
rPois   +          Reflect  +   (helmet restricted)
rElec   .          Harm     .   v - +1 cloak
rCorr   .          Rampage  .   (gloves unavailable)
Will    ++...                   (boots unavailable)
Stlth   ++++++....              P - amulet of reflection
HPRegen 0.18/turn               z - +4 ring of protection
MPRegen 0.18/turn               s - ring of poison resistance

@: spiked, very quick
A: very small, no large weapons, unfitting armour, see invisible, speed 3
a: Renounce Religion


You were on level 12 of the Dungeon.
You worshipped Vehumet.
Vehumet was greatly pleased with you.
You visited 2 branches of the dungeon, and saw 13 of its levels.

You collected 701 gold pieces.
You spent 99 gold pieces at shops.

Inventory:

Hand Weapons
 f - a +1 dagger of speed
 x - a +4 dagger
 U - a +3 dagger of chaos (weapon)
 W - a +1 vorpal sling
Missiles
 e - 123 stones
 m - 32 poisoned darts (quivered)
 r - 18 boomerangs
 S - a throwing net
Armour
 b - a +0 robe (worn)
 v - a +1 cloak (worn)
 w - a +0 buckler (worn)
Magical Staves
 R - a staff of fire
Jewellery
 a - a ring of fire
 s - a ring of poison resistance (right hand)
 z - a +4 ring of protection (left hand)
 A - a ring of protection from fire
 P - an amulet of reflection (around neck)
 T - a ring of magical power
Wands
 B - a wand of iceblast (28)
 F - a wand of charming (9)
 H - a wand of flame (47)
Scrolls
 d - 9 scrolls of identify {unknown}
 i - 4 scrolls of fear {unknown}
 j - 6 scrolls of teleportation
 k - 4 scrolls of butterflies {unknown}
 n - 3 scrolls of poison {unknown}
 o - a scroll of summoning {unknown}
 q - 4 scrolls of enchant weapon {unknown}
 t - 2 scrolls of vulnerability {unknown}
 y - 3 scrolls of blinking {unknown}
 C - a scroll of noise {unknown}
 G - 2 scrolls of immolation {unknown}
 M - a scroll of silence {unknown}
 Q - a scroll of magic mapping {unknown}
 V - 2 scrolls of amnesia {unknown}
 X - a scroll of brand weapon {unknown}
 Y - a scroll of torment {unknown}
Potions
 c - 2 potions of invisibility
 g - 3 potions of might
 h - 9 potions of curing {unknown}
 l - 3 potions of magic {unknown}
 p - 4 potions of resistance {unknown}
 u - a potion of ambrosia {unknown}
 D - a potion of haste
 E - 2 potions of berserk rage {unknown}
 I - 2 potions of mutation {unknown}
 J - 2 potions of attraction {unknown}
 K - a potion of lignification {unknown}
 L - 3 potions of flight {unknown}
 N - a potion of heal wounds
 O - 2 potions of cancellation {unknown}


   Skills:
 + Level 3.5 Fighting
 + Level 8.1 Short Blades
 + Level 1.3 Throwing
 + Level 9.8 Dodging
 - Level 14.0 Stealth
 + Level 5.6 Shields
 + Level 6.0 Spellcasting
 * Level 5.9 Conjurations
 + Level 10.5 Hexes
 - Level 3.0 Translocations
 * Level 2.1 Ice Magic


You had 3 spell levels left.
You knew the following spells:

 Your Spells              Type           Power      Damage    Failure   Level
a - Ensorcelled Hibernat  Hex/Ice        68%        N/A       1%          2
b - Confusing Touch       Hex            52%        N/A       1%          3
c - Tukima's Dance        Hex            52%        N/A       1%          3
d - Fulminant Prism       Conj/Hex       21%        3d13      1%          4
e - Iskenderun's Mystic   Conj/Tloc      26%        2d7       7%          4
f - Hailstorm             Conj/Ice       24%        3d7       9%          4

Your spell library contained the following spells:

 Spells                   Type           Power      Damage    Failure   Level
 Dazzling Flash           Conj/Hex       84%        N/A       1%          3
 Metabolic Englaciation   Hex/Ice        17%        N/A       34%         5
 Silence                  Hex/Air        14%        N/A       47%         5
 Lee's Rapid Deconstruct  Erth           3%         3d6*      71%         5
 Petrify                  Tmut/Erth      6%         N/A       86%         4
 Agony                    Necr           6%         N/A       99%         5
 Statue Form              Tmut/Erth      4%         N/A       100%        6


Dungeon Overview and Level Annotations

Branches:
Dungeon (12/15)            Temple (1/1) D:4            Lair (0/5) D:8
    Orc (0/2) D:12

Altars:
Ashenzari
Cheibriados
Dithmenos
Elyvilon
Fedhas
Gozag
Hepliaklqana
Kikubaaqudgha
Makhleb
Nemelex Xobeh
Okawaru
Qazlal
Ru
Sif Muna
Trog
Uskayaw
Vehumet
Wu Jian
Xom
Yredelemnul
Zin
The Shining One

Shops:
D:5 [   D:7 ?   D:9 *


Innate Abilities, Weirdness & Mutations

You are very small and have problems with some larger weapons.
You are too small for most types of armour.
You have supernaturally acute eyesight. (SInv)
You cover ground extremely quickly. (Speed+++)


Message History

You destroy the vampire mosquito!
Vehumet accepts your kill.
You feel your power returning.
An electric eel comes into view.
An electric eel comes into view.
The manticore flicks its tail.
The volley of spikes hits you!
The barbed spikes become lodged in your body.
The electric eel shoots out a bolt of lightning at you!
The bolt of electricity hits you! The bolt of electricity misses you.
You see here a +0 rapier.
The barbs in your skin will harm you if you move.
Continue?
Uppercase [Y]es or [N]o only, please.
The barbs in your skin will harm you if you move.
Continue?
Okay, then.
The barbs in your skin will harm you if you move.
Continue?
The barbed spikes dig painfully into your body as you move.
The manticore flicks its tail.
The volley of spikes misses you.
The volley of spikes hits the vampire mosquito!
The barbed spikes dig painfully into your body as you move.
The vampire mosquito misses you. The vampire mosquito bites you!
The vampire mosquito draws strength from your injuries!
You hit the vampire mosquito.
The vampire mosquito easily resists.
The vampire mosquito is severely damaged.
The vampire mosquito closely misses you.
The manticore flicks its tail.
The volley of spikes hits you!
The barbed spikes become lodged in your body.
* * * LOW HITPOINT WARNING * * *
The barbed spikes dig painfully into your body as you move.
* * * LOW HITPOINT WARNING * * *
You hit the vampire mosquito. You burn the vampire mosquito.
You destroy the vampire mosquito!
Vehumet accepts your kill.
The electric eel shoots out a bolt of lightning at you!
The bolt of electricity hits you.
* * * LOW HITPOINT WARNING * * *
The bolt of electricity hits you!
You die...

####### #......
#...... #......
########### #......
#.@.......# ###..##
#†#######.# #..##
~~~#..)#...#.####.##
~>~S~.....#.# ~~~~#
##.##.#


You could see an electric eel.

Vanquished Creatures
  A boulder beetle (D:12)
  4 two-headed ogres
  A glowing orange brain (shapeshifter) (D:12)
  Pikel (D:8)
  An ugly thing (D:11)
  Maurice (D:11)
  Joseph (D:7)
  A gargoyle (D:11)
  A komodo dragon (D:10)
  2 kobold demonologists (D:11)
  Psyche (D:8)
  A troll (D:11)
  2 hornets
  4 slime creatures
  Sigmund (D:2)
  A vampire (D:12)
  2 steam dragons
  20 yaks
  17 vampire mosquitoes
  2 water moccasins
  2 sky beasts (D:7)
  2 ice beasts
  7 orc warriors
  3 black bears
  An ogre (D:6)
  10 centaurs
  2 phantoms
  4 bullfrogs
  2 necrophages
  3 kobold brigands
  2 scorpions
  14 killer bees
  An electric eel (D:12)
  9 howler monkeys
  A hound (D:5)
  4 jellies
  2 gnoll boudas (D:8)
  7 orc priests
  Crazy Yiuf (D:3)
  Jessica (D:3)
  An iguana (D:7)
  Natasha (thrice) (D:2)
  11 orc wizards
  17 gnolls
  9 adders
  A shadow imp (D:7)
  2 white imps
  7 ufetubi
  3 worms
  5 dart slugs
  36 orcs
  6 ball pythons
  6 endoplasms
  2 giant cockroaches
  10 goblins
  9 hobgoblins
  8 jackals
  13 kobolds
  A quokka (D:1)
  10 bats
  4 frilled lizards
  6 rats
313 creatures vanquished.

Vanquished Creatures (collateral kills)
  A centaur (D:11)
1 creature vanquished.

Vanquished Creatures (others)
  A dancing weapon (D:11)
  23 fulminant prisms
  3 fungi (D:8)
  A plant (D:8)
28 creatures vanquished.

Grand Total: 342 creatures vanquished

Notes
Turn   | Place    | Note
-------+----------+-------------------------------------------
     0 | D:1      | monsoonserge the Spriggan Enchanter began the quest for the
                  | Orb.
     0 | D:1      | Reached XP level 1. HP: 9/9 MP: 5/5
   345 | D:1      | Reached XP level 2. HP: 3/13 MP: 6/6
   349 | D:1      | Learned a level 2 spell: Ensorcelled Hibernation
   958 | D:1      | Reached XP level 3. HP: 14/16 MP: 1/8
  2014 | D:2      | Reached skill level 5 in Stealth
  2014 | D:2      | Reached skill level 1 in Ice Magic
  2014 | D:2      | Reached XP level 4. HP: 10/21 MP: 1/9
  2444 | D:2      | Noticed Natasha
  2459 | D:2      | Killed Natasha
  2699 | D:2      | Reached skill level 5 in Hexes
  3041 | D:2      | Reached XP level 5. HP: 21/24 MP: 7/10
  3213 | D:2      | Noticed Natasha
  3218 | D:2      | Killed Natasha
  3267 | D:2      | Found a faded altar of an unknown god.
  3405 | D:2      | Noticed Sigmund
  3413 | D:2      | Killed Sigmund
  3414 | D:2      | Reached skill level 6 in Stealth
  3414 | D:2      | Reached XP level 6. HP: 20/29 MP: 6/11
  3419 | D:2      | Learned a level 3 spell: Confusing Touch
  3423 | D:2      | Learned a level 3 spell: Tukima's Dance
  3837 | D:3      | Noticed Jessica
  3872 | D:3      | Killed Jessica
  3987 | D:2      | Noticed Natasha
  4238 | D:2      | Killed Natasha
  4498 | D:3      | Found a runed translucent door.
  4499 | D:3      | Noticed Crazy Yiuf
  4942 | D:3      | Killed Crazy Yiuf
  4943 | D:3      | Reached skill level 7 in Stealth
  5148 | D:3      | Reached XP level 7. HP: 26/32 MP: 7/12
  5361 | D:4      | Reached skill level 1 in Fighting
  5677 | D:4      | Reached skill level 8 in Stealth
  6524 | D:4      | Found a staircase to the Ecumenical Temple.
  6543 | Temple   | Entered the Ecumenical Temple
  6960 | D:5      | Entered Level 5 of the Dungeon
  7228 | D:5      | Found a glowing silver altar of Zin.
  7485 | D:5      | Reached skill level 9 in Stealth
  7485 | D:5      | Reached skill level 1 in Shields
  7485 | D:5      | Reached XP level 8. HP: 23/37 MP: 7/14
  7628 | D:5      | Found Muycs's Antique Armour Shop.
  8214 | D:6      | Reached skill level 5 in Dodging
  8389 | D:6      | Found an ornate altar of the Wu Jian Council.
  8391 | D:6      | Found an iron altar of Okawaru.
  8533 | D:6      | Reached skill level 10 in Stealth
  8793 | D:7      | Noticed Joseph
  8798 | D:7      | Killed Joseph
  8799 | D:7      | Reached skill level 11 in Stealth
  8799 | D:7      | Reached XP level 9. HP: 41/41 MP: 11/16
  9122 | Temple   | Became a worshipper of Vehumet
  9128 | Temple   | Learned a level 4 spell: Fulminant Prism
  9374 | D:7      | Reached skill level 12 in Stealth
  9766 | D:7      | Found Cyulaps's Magic Scroll Emporium.
  9835 | D:7      | Reached skill level 1 in Conjurations
 10435 | D:8      | Reached skill level 13 in Stealth
 10448 | D:7      | Reached * piety under Vehumet
 10448 | D:7      | Offered knowledge of Magic Dart by Vehumet.
 10755 | D:8      | Noticed Pikel
 10774 | D:8      | Killed Pikel
 10775 | D:8      | Reached skill level 5 in Spellcasting
 10775 | D:8      | Reached XP level 10. HP: 32/46 MP: 11/18
 11282 | D:8      | Noticed a two-headed ogre
 11288 | D:8      | Noticed Psyche
 11291 | D:8      | Killed a two-headed ogre
 11292 | D:8      | Reached skill level 14 in Stealth
 11296 | D:8      | Killed Psyche
 11390 | D:8      | Found a staircase to the Lair.
 12203 | D:9      | Found Dixis's General Store.
 12209 | D:9      | Bought 3 scrolls of teleportation for 99 gold pieces
 12395 | D:9      | Found a basalt altar of Yredelemnul.
 12401 | D:9      | Found a shimmering altar of Xom.
 12408 | D:9      | Found an ancient bone altar of Kikubaaqudgha.
 12462 | D:9      | Reached ** piety under Vehumet
 12572 | D:9      | Noticed a two-headed ogre
 12577 | D:9      | Killed a two-headed ogre
 12578 | D:9      | Reached skill level 5 in Short Blades
 12578 | D:9      | Reached skill level 10 in Hexes
 12578 | D:9      | Reached XP level 11. HP: 50/50 MP: 18/21
 12723 | D:9      | Offered knowledge of Static Discharge by Vehumet.
 13003 | D:10     | Entered Level 10 of the Dungeon
 13566 | D:10     | Noticed a two-headed ogre
 13583 | D:10     | Killed a two-headed ogre
 13584 | D:10     | Reached skill level 5 in Shields
 13603 | D:10     | Noticed a two-headed ogre
 13609 | D:10     | Killed a two-headed ogre
 13879 | D:10     | Offered knowledge of Searing Ray by Vehumet.
 14733 | D:11     | Reached *** piety under Vehumet
 14751 | D:11     | Learned a level 4 spell: Iskenderun's Mystic Blast
 15144 | D:11     | Reached skill level 1 in Translocations
 15248 | D:10     | Reached skill level 5 in Conjurations
 15327 | D:10     | Offered knowledge of Inner Flame by Vehumet.
 15496 | D:10     | Identified the +0 leather armour of the Blind Marksman
                  | {Slay+3}
 15626 | D:11     | Noticed Maurice
 15628 | D:11     | Killed Maurice
 15629 | D:11     | Reached skill level 1 in Throwing
 15672 | D:11     | Noticed a red ugly thing
 15706 | D:11     | Killed a red ugly thing
 16194 | D:11     | Reached XP level 12. HP: 56/56 MP: 22/22
 16520 | D:12     | Identified the +5 great mace "Buacloox" {chaos, Str-3 Int+6
                  | Dex+3}
 16554 | D:12     | Reached **** piety under Vehumet
 16556 | D:12     | Noticed a boulder beetle
 16558 | D:12     | Offered knowledge of Hailstorm by Vehumet.
 16576 | D:12     | Learned a level 4 spell: Hailstorm
 16591 | D:12     | Killed a boulder beetle
 16868 | D:12     | Found a staircase to the Orcish Mines.
 16906 | D:12     | Killed from afar by an electric eel

Illustrated notes

Levels and vault maps discovered:
D:1:      lemuel_arrival_lava_pool, layout_loops_ring,
          nicolae_concentric_dashed_squares_wild, kennysheep_doodads
D:2:      layout_basic, ebering_ecumenical_altar_box, uniq_natasha, uniq_sigmund
D:3:      layout_rooms, uniq_crazy_yiuf_cottage, uniq_jessica
D:4:      layout_cave_pools, minmay_temple_entry_nine_rooms
D:5:      layout_loops_corners, mainiacjoe_overflow_catwalk, serial_shops,
          nicolae_shop_overgrown_old_shop
D:6:      layout_cave_pools, chequers_temple_overflow_statue_of_worship,
          kennysheep_generic_room_4
D:7:      layout_loops_ring, serial_shops, shop, st_stairs_4, uniq_joseph
D:8:      layout_rooms, grunt_lair_entry_orc_guard_hut, st_stairs_14,
          uniq_pikel, uniq_psyche
D:9:      layout_stronghold, minitemple, serial_shops, nicolae_square_shop
D:10:     layout_loops_ring, evilmike_butchery
D:11:     layout_roguey, wad_floor_pattern_untrapped, uniq_maurice
D:12:     layout_basic, orc_0_dummy, dk_noncrumbling_4,
          minmay_large_rounded_square, lemuel_flamethrower_3
Temple:   compressed_dpeg_triangle_lava_temple

Skill      XL: |  1  2  3  4  5  6  7  8  9 10 11 12 |
---------------+-------------------------------------+-----
Hexes          | 4 5 6 7 8 10 | 10.5
Spellcasting   | 3 4 5 6 |  6.0
Dodging        | 3 4 6 7 9 |  9.8
Stealth        | 5 6 7 9 11 13 14 | 14.0
Ice Magic      | 1 2 |  2.1
Short Blades   | 2 3 4 5 7 8 |  8.1
Fighting       | 1 2 3 |  3.5
Shields        | 1 2 3 4 5 |  5.6
Conjurations   | 2 4 5 |  5.9
Translocations | 3 |  3.0
Throwing       | 1 |  1.3

Action                   |  1- 3 |  4- 6 |  7- 9 | 10-12 || total
-------------------------+-------+-------+-------+-------++-------
Melee: Dagger            |   116 |   160 |   349 |   260 ||   885
       Punch             |     1 |       |     1 |       ||     2
Throw: Dart              |       |     2 |       |     4 ||     6
       Boomerang         |       |       |       |     7 ||     7
 Cast: Ensorcelled Hiber |    23 |    47 |    94 |   116 ||   280
       Confusing Touch   |       |       |     5 |     3 ||     8
       Fulminant Prism   |       |       |       |    23 ||    23
       Tukima's Dance    |       |       |       |     1 ||     1
       Iskenderun's Myst |       |       |       |     1 ||     1
  Use: Potion            |       |       |     2 |       ||     2
       Scroll            |       |       |       |     1 ||     1
 Stab: Sleeping          |    21 |    28 |    79 |    73 ||   201
       Confused          |       |       |     8 |     2 ||    10
       Distracted        |       |       |     2 |     3 ||     5
       Paralysed         |       |       |       |     1 ||     1
Armor: Robe              |     6 |     7 |    39 |    23 ||    75
Dodge: Dodged            |    85 |   107 |   260 |   183 ||   635
Block: Buckler           |       |       |    68 |   140 ||   208
       Reflection        |       |       |       |     8 ||     8
